 Dungeon Crawl Stone Soup version 0.28.0-45-g0d030f2227 (webtiles) character file.

Game seed: 4809491397506364489

9 McKennaii the Conjurer (level 2, 19/19 HPs)
             Began as a Demonspawn Conjurer on Apr 14, 2022.
             Quit the game on level 1 of the Dungeon.
             The game lasted 00:00:13 (192 turns).

McKennaii the Conjurer (Demonspawn Conjurer)         Turns: 192, Time: 00:00:14

Health: 19/19      AC:  2    Str:  7    XL:     2   Next: 3%
Magic:  1/5        EV: 12    Int: 19    God:
Gold:   26         SH:  0    Dex: 11    Spells: 4/5 levels left

rFire   . . .      SeeInvis .   (no weapon)
rCold   . . .      Faith    .   (no shield)
rNeg    . . .      Spirit   .   a - +0 robe
rPois   .          Reflect  .   (no helmet)
rElec   .          Harm     .   (no cloak)
rCorr   .          Rampage  .   (no gloves)
Will    .....                   (no boots)
Stlth   ++........              (no amulet)
HPRegen 0.06/turn               (no ring)
MPRegen 0.09/turn               (no ring)

@: no status effects
A: powered by pain 1
a: no special abilities


You were on level 1 of the Dungeon.
You visited 1 branch of the dungeon, and saw 1 of its levels.

You collected 26 gold pieces.

Inventory:

Armour
 a - a +0 robe (worn)
Jewellery
 b - a ring of magical power


   Skills:
 - Level 1.7 Dodging
 - Level 1.7 Stealth
 + Level 2.3 Spellcasting
 + Level 4.2 Conjurations


You had 4 spell levels left.
You knew the following spells:

 Your Spells              Type           Power      Damage    Failure   Level
a - Magic Dart            Conj           72%        1d6       2%          1

Your spell library contained the following spells:

 Spells                   Type           Power      Damage    Failure   Level
 Searing Ray              Conj           36%        2d5       4%          2
 Dazzling Flash           Conj/Hex       20%        N/A       21%         3
 Fulminant Prism          Conj/Hex       5%         3d7       56%         4
 Iskenderun's Mystic Bla  Conj/Tloc      10%        2d4       56%         4


Dungeon Overview and Level Annotations

Branches:
Dungeon (1/15)

Altars:


Innate Abilities, Weirdness & Mutations

You sometimes gain a little power by taking damage.


Message History

Key pressed, stopping explore.
You can't see any susceptible monsters within range! (Use Z to cast anyway.)
A dart slug comes into view.
The magic dart hits the dart slug.
The dart slug is moderately wounded.
A dart slug is nearby!
The magic dart hits the dart slug.
The dart slug is almost dead.
A dart slug is nearby!
The magic dart hits the dart slug.
You kill the dart slug!
A goblin comes into view. It is wielding a +0 dagger.
You miscast Magic Dart.
You are very lightly contaminated with residual magic.
Nothing appears to happen.
A goblin is nearby!
The magic dart hits the goblin.
The goblin is moderately wounded.
A goblin is nearby!
The magic dart hits the goblin.
You kill the goblin!
Your magical contamination has completely faded away.
b - a ring of magical power You can't see any susceptible monsters within range! (Use Z to cast anyway.)
You see here a dart slug corpse.
An endoplasm comes into view.
The magic dart hits the endoplasm.
The endoplasm is almost dead.
The endoplasm quivers.
An endoplasm is nearby!
The magic dart hits the endoplasm.
You kill the endoplasm!
You have reached level 2!
Your demonic ancestry asserts itself...
You feel energised by your suffering.
Okay, then.
Are you sure you want to abandon this character and quit the game? (Confirm with "yes".)
Okay, then.
Unknown command.
Are you sure you want to abandon this character and quit the game? (Confirm with "yes".)

#........#
#..#
#..####..#
#..# #..#
#..# #..#
....#
#..####..#
###..#
#†.......#
#..#
#........#
........†.#
.....###..#
..... #@.#
###. #).# #
#..# ...#
...# ....#
##..# #..#


There were no monsters in sight!

Vanquished Creatures
  A dart slug (D:1)
  A bat (D:1)
  An endoplasm (D:1)
  A giant cockroach (D:1)
  A goblin (D:1)
  A ball python (D:1)
6 creatures vanquished.

Notes
Turn   | Place    | Note
-------+----------+-------------------------------------------
     0 | D:1      | McKennaii the Demonspawn Conjurer began the quest for the
                  | Orb.
     0 | D:1      | Reached XP level 1. HP: 13/13 MP: 3/3
   191 | D:1      | Gained mutation: You sometimes gain a little power by
                  | taking damage. [demonic ancestry]
   191 | D:1      | Reached XP level 2. HP: 19/19 MP: 1/5
   192 | D:1      | Quit the game

Illustrated notes

Levels and vault maps discovered:
D:1:      dpeg_arrival_boxorama, layout_loops_ring, serial_shops, shop,
          hellmonk_ecumenical_altar_lost_god, minmay_misc_feat_doors

Action                   || total
-------------------------++-------
 Cast: Magic Dart        ||    11
